 Seeded DCSS version 0.29.1-15-g9cfb28693d (webtiles) character file.

Game seed: 12299140089186560016 (custom seed)

333 Gelion the Trooper (level 6, -1/66 HPs)
             Began as an Ogre Hunter on Mar 14, 2023.
             Slain by a quokka (2 damage)
             ... on level 4 of the Dungeon.
             The game lasted 00:07:15 (3679 turns).

Gelion the Trooper (Ogre Hunter)                    Turns: 3679, Time: 00:07:16

Health: -1/66      AC:  3    Str: 18    XL:     6   Next: 53%
Magic:  6/6        EV: 10    Int: 10    God:
Gold:   123        SH:  0    Dex: 12    Spells: 5/5 levels left

rFire   . . .      SeeInvis .   h - +0 flail
rCold   . . .      Faith    .   (no shield)
rNeg    . . .      Spirit   .   c - +0 robe
rPois   .          Reflect  .   (helmet restricted)
rElec   .          Harm     .   (no cloak)
rCorr   .          Rampage  .   (gloves unavailable)
Will    .....                   (boots unavailable)
Stlth   +.........              (no amulet)
HPRegen 0.21/turn               (no ring)
MPRegen 0.10/turn               (no ring)

@: no status effects
A: large, unfitting armour, tough skin 1
a: no special abilities


You were on level 4 of the Dungeon.
You visited 1 branch of the dungeon, and saw 4 of its levels.

You collected 123 gold pieces.

Inventory:

Hand Weapons
 a - a +0 shortbow
 h - a +0 flail (weapon)
Armour
 c - a +0 robe (worn)
Scrolls
 b - a scroll of immolation
 d - a scroll of butterflies
 e - a scroll of teleportation {unknown}
 g - a scroll of identify
 j - a scroll of vulnerability {unknown}
 k - 2 scrolls of magic mapping
 l - 3 scrolls of poison {unknown}
 m - a scroll of blinking {unknown}
 n - a scroll of amnesia {unknown}
Potions
 f - 2 potions of haste {unknown}
 i - a potion of heal wounds {unknown}


   Skills:
 + Level 5.1 Fighting
 + Level 2.3 Maces & Flails
 + Level 3.9 Ranged Weapons
 + Level 3.4 Dodging
 - Level 0.6 Stealth


You had 5 spell levels left.
You didn't know any spells.
Your spell library was empty.

Dungeon Overview and Level Annotations

Branches:
Dungeon (4/15)
 Temple: D:4-7

Altars:
Ashenzari
Cheibriados
Trog
Uskayaw
Vehumet
Wu Jian
Xom

Annotations:
D:3 4 transporters, Sanktem7's ghost, amateur MiFi


Innate Abilities, Weirdness & Mutations

You are too large for most types of armour.
You have tough skin. (AC +1)


Message History

The quokka is lightly wounded.
The quokka bites you but does no damage.
You miss the quokka.
The quokka is lightly wounded.
The quokka barely misses you. The quokka completely misses you.
You miss the quokka.
The quokka is lightly wounded.
The quokka bites you.
* * * LOW HITPOINT WARNING * * *
You closely miss the quokka.
The quokka is lightly wounded.
The quokka closely misses you. The quokka barely misses you.
You closely miss the quokka.
The quokka is lightly wounded.
The quokka bites you but does no damage.
The quokka closely misses you.
You barely miss the quokka. The quokka closely misses you.
You hit the quokka.
The quokka is lightly wounded.
The quokka bites you.
* * * LOW HITPOINT WARNING * * *
The quokka barely misses you.
You hit the quokka.
The quokka is severely wounded.
The quokka bites you.
* * * LOW HITPOINT WARNING * * *
You hit the quokka but do no damage.
The quokka is severely wounded.
The quokka completely misses you.
The quokka bites you but does no damage.
You miss the quokka.
The quokka is severely wounded.
The quokka bites you.
* * * LOW HITPOINT WARNING * * *
You closely miss the quokka.
The quokka is severely wounded.
The quokka bites you.
* * * LOW HITPOINT WARNING * * *
The quokka bites you.
You die...

........(....
............##
....(........##
..............##
...............#
...............#
.......)r......#
....$..@.......#
...............#
...............#
#......<).....#
#......#.....##
#.############ .


You could see a quokka.

Vanquished Creatures
  A black bear (D:4)
  An ogre (D:4)
  A hound (D:3)
  An orc wizard (D:2)
  3 adders
  2 dart slugs (D:1)
  5 orcs
  5 endoplasms
  3 giant cockroaches
  2 goblins
  13 hobgoblins
  3 jackals (D:1)
  2 quokkas (D:2)
  6 ball pythons
  3 bats
  6 frilled lizards
  9 kobolds
  4 rats
70 creatures vanquished.

Notes
Turn   | Place    | Note
-------+----------+-------------------------------------------
     0 | D:1      | Gelion the Ogre Hunter began the quest for the Orb.
     0 | D:1      | Reached XP level 1. HP: 22/22 MP: 1/1
    45 | D:1      | Reached skill level 3 in Fighting
    59 | D:1      | Reached XP level 2. HP: 19/31 MP: 2/2
   812 | D:1      | Reached XP level 3. HP: 37/37 MP: 3/3
   949 | D:1      | You fall into a shaft and drop 1 floor!
  1669 | D:2      | Reached XP level 4. HP: 48/48 MP: 4/4
  2093 | D:3      | Reached skill level 1 in Maces & Flails
  2358 | D:2      | Reached skill level 4 in Fighting
  2392 | D:3      | Found a transporter.
  2469 | D:3      | Found a transporter.
  2532 | D:3      | Reached XP level 5. HP: 28/54 MP: 5/5
  3203 | D:3      | Found a transporter.
  3256 | D:3      | Found a bloodstained altar of Trog.
  3260 | D:3      | Found a shimmering altar of Xom.
  3262 | D:3      | Found a hide-covered altar of Uskayaw.
  3262 | D:3      | Found a broken altar of Ashenzari.
  3263 | D:3      | Found a radiant altar of Vehumet.
  3265 | D:3      | Found a snail-covered altar of Cheibriados.
  3393 | D:3      | Found an ornate altar of the Wu Jian Council.
  3438 | D:3      | Noticed an ogre
  3438 | D:3      | Noticed an ogre
  3438 | D:3      | Noticed Sanktem7's ghost (amateur MiFi)
  3439 | D:3      | Found a transporter.
  3439 | D:3      | Identified the +10 giant spiked club "Ylappur" {flame,
                  | rElec Str+5}
  3439 | D:3      | Noticed an ogre
  3630 | D:4      | Noticed a black bear
  3637 | D:4      | Killed a black bear
  3638 | D:4      | Reached XP level 6. HP: 50/65 MP: 6/6
  3666 | D:4      | Reached skill level 5 in Fighting
  3678 | D:4      | HP: 3/66 [quokka (2)]
  3679 | D:4      | HP: 1/66 [quokka (3)]
  3679 | D:4      | Slain by a quokka

Illustrated notes

Levels and vault maps discovered:
D:1:      erik_arrival_triangle_medium, layout_loops_cross
D:2:      layout_loops_corners
D:3:      gammafunk_wand_slinger, layout_loops_ring, nzn_wu_jian_council_hall,
          minitemple, gammafunk_ghost_smash, minmay_ruptured
D:4:      layout_rooms

Skill      XL: |  1  2  3  4  5  6 |
---------------+-------------------+-----
Ranged Weapons | 3 |  3.9
Fighting       | 3 4 5 |  5.1
Dodging        | 2 3 |  3.4
Maces & Flails | 1 2 |  2.3
Stealth        | |  0.6

Action                   |  1- 3 |  4- 6 || total
-------------------------+-------+-------++-------
Melee: Shortbow          |       |     1 ||     1
       Flail             |       |    61 ||    61
       Mace              |       |    10 ||    10
       Punch             |       |     1 ||     1
 Fire: Shortbow          |   130 |    62 ||   192
  Use: Scroll            |       |     4 ||     4
Armor: Robe              |    15 |    39 ||    54
Dodge: Dodged            |    31 |   109 ||   140
